 Dungeon Crawl Stone Soup version 0.17.1-3-g152610e (webtiles) character file.

464 inmateoo the Chopper (level 6, -5/52 HPs)
             Began as a Centaur Fighter on Feb 18, 2016.
             Slain by an ogre
             ... wielding a +0 giant club
              (24 damage)
             ... on level 4 of the Dungeon.
             The game lasted 00:04:49 (3816 turns).

inmateoo the Chopper (Centaur Fighter)              Turns: 3816, Time: 00:04:49

Health: -5/52      AC:  7    Str: 26    XL:     6   Next: 80%
Magic:  0/15       EV:  6    Int:  7    God:
Gold:   46         SH:  9    Dex:  8    Spells: 0 memorised, 5 levels left

rFire  . . .     SeeInvis .     a - +0 war axe
rCold  . . .     Clarity  .     b - +0 scale mail
rNeg   . . .     SustAt   .     c - +0 shield
rPois  .         Gourm    .     (no helmet)
rElec  .         Spirit   +     t - +0 cloak
rCorr  .         Warding  .     (no gloves)
rMut   .         Stasis   .     (no barding)
MR     .....                    u - amulet of guardian spirit
Stlth  ..........               (no ring)
                                y - ring of magical power

@: mighty, very quick, not resistant to hostile enchantments, extremely
unstealthy
A: hooves 3, deformed body, speed 2, tough skin 3
a: no special abilities


You were on level 4 of the Dungeon.
You were not hungry.

You visited 1 branch of the dungeon, and saw 5 of its levels.

You collected 166 gold pieces.
You spent 120 gold pieces at shops.

Inventory:

Hand Weapons
 a - a +0 war axe (weapon)
Armour
 b - a +0 scale mail (worn)
 c - a +0 shield (worn)
 t - a +0 cloak (worn)
Jewellery
 u - an amulet of guardian spirit (around neck)
 y - a ring of magical power (left hand)
Scrolls
 i - a scroll of immolation {unknown}
 k - a scroll of blinking {unknown}
 n - 2 scrolls of teleportation {unknown}
 o - a scroll of fog {unknown}
 q - a scroll of recharging {unknown}
 s - a scroll of fear {unknown}
 v - a scroll of enchant armour {unknown}
 w - 4 scrolls of remove curse
Potions
 f - 2 potions of cancellation {unknown}
 g - 2 potions of curing
 h - a potion of haste {unknown}
 j - a potion of resistance
 l - 2 potions of brilliance
 p - 2 potions of agility
 x - a potion of lignification {unknown}
Comestibles
 e - 4 bread rations
 m - 2 chunks of flesh
 r - 2 slices of pizza


   Skills:
 + Level 4.3 Fighting
 * Level 4.5 Axes
 + Level 3.1 Armour
 + Level 3.2 Shields


You had 5 spell levels left.
You didn't know any spells.

Dungeon Overview and Level Annotations

Branches:
Dungeon (5/15)
 Temple: D:4-7

Altars:
Sif Muna
The Shining One

Shops:
D:5 *


Innate Abilities, Weirdness & Mutations

You have hooves in place of feet.
Armour fits poorly on your strangely shaped body.
You cover ground very quickly.
You have extremely tough skin (AC +3).


Message History

The worker ant completely misses you. You block the giant gecko's attack.
The ogre hits you with a giant club!! You block the worker ant's attack.
You climb upwards.
There is a stone staircase leading down here.
You see here a potion of degeneration.
You hit the worker ant. You kick the worker ant.
The worker ant is moderately wounded.
You hit the giant gecko.
The giant gecko is moderately wounded.
You hit the ogre.
The ogre is lightly wounded.
You block the giant gecko's attack.
The worker ant bites you but does no damage.
The giant gecko bites you but does no damage.
The ogre hits you with a giant club!!
Drink which item? (? for menu, Esc to quit)
You feel very mighty all of a sudden. You block the worker ant's attack.
The giant gecko bites you. The ogre hits you with a giant club!!
You die...

.....).# #.....# #.>#
#.###### ####### #..#
..# #..# (.# #)## ..#
### #.# ..######.##
#.# ..........#
#########.#
########.##
#lO.......# ########.#
#@###.###.# .........#
#a# #.# #.#
..##.....#### #.# #.#
#.# ..#.........# #.#
#.# #.#
..........#.####.# #.#
#.#
.##..............###.#
#.#
.###....#######......#
#.# .# ##...# #..#####
#.# .#####.!# #..# #.#


You could see an ogre, a worker ant and a giant gecko.

Vanquished Creatures
  An ogre (D:4)
  The ghost of F1L1N the Ruffian, an amateur VSMo of Dithmenos (D:3)
  2 scorpions (D:4)
  Crazy Yiuf (D:4)
  A worker ant (D:4)
  A worker ant zombie (D:4)
  8 adders
  An ooze (D:3)
  3 worms
  A giant gecko (D:4)
  3 orcs
  12 hobgoblins
  4 jackals (D:2)
  9 bats
  6 giant cockroaches
  4 giant newts
  11 goblins
  7 kobolds
  6 rats
82 creatures vanquished.

Notes
Turn   | Place    | Note
--------------------------------------------------------------
     0 | D:1      | inmateoo the Centaur Fighter began the quest for the Orb.
     0 | D:1      | Reached XP level 1. HP: 19/19 MP: 1/1
   183 | D:1      | Reached XP level 2. HP: 13/26 MP: 2/2
   858 | D:2      | Reached XP level 3. HP: 26/31 MP: 3/3
  1333 | D:2      | Reached XP level 4. HP: 38/38 MP: 4/4
  2084 | D:3      | Noticed F1L1N's ghost (amateur VSMo)
  2095 | D:3      | Killed F1L1N's ghost
  2095 | D:3      | Reached XP level 5. HP: 25/46 MP: 5/5
  3079 | D:4      | Reached skill level 4 in Fighting
  3108 | D:4      | Found a glowing golden altar of the Shining One.
  3232 | D:5      | Entered Level 5 of the Dungeon
  3232 | D:5      | Found Kamiaklit's General Store.
  3316 | D:5      | Bought a potion of curing for 45 gold pieces
  3316 | D:5      | Bought a scroll of identify for 30 gold pieces
  3316 | D:5      | Bought a scroll of remove curse for 45 gold pieces
  3320 | D:5      | Found a deep blue altar of Sif Muna.
  3327 | D:5      | Noticed an ogre
  3412 | D:4      | Reached XP level 6. HP: 45/52 MP: 6/6
  3528 | D:4      | Noticed Crazy Yiuf
  3536 | D:4      | Killed Crazy Yiuf
  3576 | D:4      | Noticed an ogre
  3687 | D:4      | Killed an ogre
  3816 | D:4      | Slain by an ogre

Action                   |  1- 3 |  4- 6 || total
-------------------------+-------+-------++-------
Melee: War axe           |    85 |   170 ||   255
  Use: Scroll            |       |     4 ||     4
       Potion            |       |     2 ||     2
  Eat: Chunk             |     1 |     7 ||     8
